 Dungeon Crawl Stone Soup version 0.20-a0-351-gc9b4002 (webtiles) character file.

1981 Junicave the Digger (level 9, -1/52 HPs)
             Began as a Gargoyle Earth Elementalist on Dec 26, 2016.
             Slain by a centaur (7 damage)
             ... on level 7 of the Dungeon.
             The game lasted 00:19:58 (7232 turns).

Junicave the Digger (Gargoyle Earth Elementalist)   Turns: 7232, Time: 00:19:59

Health: -1/52      AC: 11    Str: 13    XL:     9   Next: 20%
Magic:  0/18       EV: 11    Int: 18    God:
Gold:   367        SH:  0    Dex: 10    Spells: 12/21 levels left

rFire  x . .     SeeInvis .     w - +1 flail (holy)
rCold  + . .     Gourm    .     y - -1 troll leather armour (curse)
rNeg   + . .     Faith    .     (no shield)
rPois  ∞         Spirit   .     (no helmet)
rElec  +         Reflect  .     (no cloak)
rCorr  .         Harm     .     G - +0 pair of gloves
MR     .....     Rnd*Rage +     s - +0 pair of boots
Stlth  ++........               (no amulet)
                                (no ring)
                                I - ring of ice

@: no status effects
A: berserk 1, blurry vision 1, negative energy resistance 1, electricity
resistance, unbreathing, petrification resistance, rot immunity, AC +5
a: no special abilities


You were on level 7 of the Dungeon.
You were hungry.

You visited 1 branch of the dungeon, and saw 7 of its levels.

You collected 367 gold pieces.

Inventory:

Hand Weapons
 a - a +0 whip
 w - a +1 flail of holy wrath (weapon)
Missiles
 H - 18 stones (quivered)
Armour
 c - a +0 robe
 g - a +0 ring mail
 s - a +0 pair of boots (worn)
 y - a cursed -1 troll leather armour (worn)
 A - a +0 scale mail
 F - a +2 robe of magic resistance
 G - a +0 pair of gloves (worn)
Jewellery
 I - a ring of ice (left hand)
Wands
 K - a wand of slowing (24/48)
Scrolls
 f - 6 scrolls of remove curse
 i - a scroll of fog {unknown}
 j - 2 scrolls of enchant armour {unknown}
 m - 2 scrolls of noise {unknown}
 n - a scroll of recharging {unknown}
 o - 3 scrolls of teleportation
 r - 2 scrolls of magic mapping {unknown}
 t - a scroll of enchant weapon {unknown}
 v - 3 scrolls of amnesia {unknown}
 B - 5 scrolls of identify {unknown}
 E - a scroll of immolation {unknown}
Potions
 k - 2 potions of degeneration {unknown}
 l - a potion of lignification {unknown}
 p - 4 potions of curing {unknown}
 q - a potion of mutation {unknown}
 x - a potion of invisibility {unknown}
 C - 2 potions of agility {unknown}
 D - 2 potions of cancellation {unknown}
 J - a potion of brilliance {unknown}
Books
 e - a book of Geomancy

   Spells                             Type                      Level
   a - Sandblast                      Earth                        1
   b - Passwall                       Transmutation/Earth          2
   c - Stone Arrow                    Conjuration/Earth            3
   d - Petrify                        Transmutation/Earth          4
   e - Lee's Rapid Deconstruction     Earth                        5
Comestibles
 b - a meat ration
 d - 3 bread rations
 h - 2 fruits
 u - 3 beef jerkies
 z - 3 slices of pizza
 L - 3 chunks of flesh


   Skills:
 + Level 3.8 Fighting
 + Level 3.8 Armour
 - Level 1.5 Dodging
 - Level 2.1 Stealth
 * Level 6.6 Spellcasting
 * Level 5.5 Conjurations
   Level 0.7 Transmutations
 * Level 7.9 Earth Magic


You had 12 spell levels left.
You knew the following spells:

 Your Spells              Type           Power        Failure   Level  Hunger
a - Sandblast             Erth           ####..       1%          1    None
b - Stone Arrow           Conj/Erth      ####..       2%          3    ##.....
c - Lee's Rapid Deconstr  Erth           ####......   17%         5    #####..


Dungeon Overview and Level Annotations

Branches:
Dungeon (7/15)
 Temple: D:4-7

Altars:
Cheibriados
Yredelemnul


Innate Abilities, Weirdness & Mutations

You are resistant to torment.
Your stone body is resilient. (AC +5)
You are immune to poison.
You resist negative energy. (rN+)
You are resistant to electric shocks. (rElec)
You can survive without breathing.
You are immune to petrification.
You are immune to rotting.
You tend to lose your temper in combat.
Scrolls take you a little longer to read.


Message History

Confirm with . or Enter, or press ? or * to list all spells.
Aiming: Sandblast
Press: ? - help, Shift-Dir - straight line, f - orc
Aim: an orc, wielding a flail and wearing a chain mail The rocky blast hits the orc.
The centaur barely misses you. The hound zombie closely misses you.
The orc barely misses you. The centaur hits you.
* * * LOW HITPOINT WARNING * * *
You hit the orc.
The orc is moderately wounded.
The hound zombie bites you.
* * * LOW HITPOINT WARNING * * *
The centaur closely misses you. The orc barely misses you.
The hound zombie closely misses you.
The centaur hits you but does no damage.
You hit the orc but do no damage.
The orc is moderately wounded.
The centaur hits you but does no damage.
The hound zombie misses you. The orc closely misses you. The centaur hits you!
You die...

#.................
#...............
#........#.....
####....##########
. ........#
.<........#
..........#
..........###
.....####†o@#
####...##.cZ#
#......†().l#
#.=...###...#
#.... ##### #...
.(. #. #


You could see a centaur, an orc, a hound zombie and a leopard gecko.

Vanquished Creatures
  A cyclops (D:6)
  Duvessa (D:6)
  An orc warrior (D:7)
  2 ice beasts (D:5)
  A sky beast (D:5)
  A necrophage (D:6)
  2 phantoms (D:5)
  Dowan (D:6)
  4 howler monkeys
  2 crimson imps
  A bullfrog zombie (D:5)
  3 hounds
  A jelly (D:6)
  An orc priest (D:5)
  3 orc wizards
  An iguana (D:5)
  3 worker ants
  A hound zombie (D:7)
  A howler monkey zombie (D:5)
  A worker ant zombie (D:3)
  3 gnolls (D:3)
  7 adders
  2 shadow imps
  An adder skeleton (D:6)
  5 worms
  3 dart slugs
  3 leopard geckos
  14 orcs
  A ball python (D:2)
  14 bats
  5 giant cockroaches
  5 goblins
  4 hobgoblins
  5 jackals
  3 quokkas
  2 frilled lizards
  6 kobolds
  7 rats
122 creatures vanquished.

Notes
Turn   | Place    | Note
-------+----------+-------------------------------------------
     0 | D:1      | Junicave the Gargoyle Earth Elementalist began the quest for the Orb.
     0 | D:1      | Reached XP level 1. HP: 10/10 MP: 3/3
   271 | D:1      | Reached XP level 2. HP: 12/15 MP: 0/5
   795 | D:1      | Reached skill level 4 in Earth Magic
   795 | D:1      | Reached XP level 3. HP: 19/19 MP: 4/7
  1324 | D:2      | Found a snail-covered altar of Cheibriados.
  2005 | D:2      | Reached XP level 4. HP: 24/24 MP: 7/9
  2550 | D:3      | Learned a level 3 spell: Stone Arrow
  2866 | D:3      | Reached skill level 1 in Conjurations
  2866 | D:3      | Reached XP level 5. HP: 28/28 MP: 6/10
  4108 | D:5      | Entered Level 5 of the Dungeon
  4119 | D:5      | Reached skill level 5 in Earth Magic
  4154 | D:5      | Reached XP level 6. HP: 13/33 MP: 4/12
  4300 | D:5      | Noticed a sky beast
  4305 | D:5      | Killed a sky beast
  4305 | D:5      | Reached skill level 1 in Fighting
  4305 | D:5      | Reached skill level 1 in Armour
  4309 | D:5      | Gained mutation: You tend to lose your temper in combat. [mutagenic meat]
  4310 | D:5      | Gained mutation: Scrolls take you a little longer to read. [mutagenic meat]
  4382 | D:5      | Noticed a phantom
  4389 | D:5      | Killed a phantom
  4450 | D:5      | Reached XP level 7. HP: 39/39 MP: 10/14
  4671 | D:5      | Reached skill level 5 in Spellcasting
  4964 | D:5      | Reached skill level 6 in Earth Magic
  5342 | D:5      | Reached XP level 8. HP: 39/45 MP: 1/16
  5873 | D:6      | Learned a level 5 spell: Lee's Rapid Deconstruction
  5886 | D:6      | Noticed Duvessa
  5886 | D:6      | Noticed Dowan
  5895 | D:6      | Killed Duvessa
  5897 | D:6      | Killed Dowan
  6336 | D:6      | Noticed a cyclops
  6588 | D:6      | Found a basalt altar of Yredelemnul.
  6702 | D:6      | Killed a cyclops
  6702 | D:6      | Reached skill level 5 in Conjurations
  6702 | D:6      | Reached skill level 7 in Earth Magic
  7003 | D:7      | Reached XP level 9. HP: 51/51 MP: 13/18
  7232 | D:7      | Slain by a centaur

Vault maps used:
D:1:      eino_arrival_cavern_e, grunt_decor_clamped, st_stairs_9,
          lemuel_another_geyser
D:2:      minmay_door_path, cheibriados_altar_1, minmay_hexomino_p4
D:3:      serial_bayou_lake_a
D:4:      serial_corexii_hall, corexii_hall_statues_i, corexii_hall_statues_i,
          first_bread, st_stairs_1, hangedman_decor_opposing
D:6:      kennysheep_mini, uniq_duvessa
D:7:      grunt_ogre_cave, nicolae_qazlal_style_of_elements

Skill      XL: |  1  2  3  4  5  6  7  8 |
---------------+-------------------------+-----
Earth Magic    | 4 5 6 7 |  7.9
Spellcasting   | 3 4 5 6 |  6.6
Conjurations   | 1 2 3 5 |  5.5
Fighting       | 1 2 3 |  3.8
Armour         | 1 2 3 |  3.8
Dodging        | |  1.5
Stealth        | |  2.1
Transmutations | |  0.7

Action                   |  1- 3 |  4- 6 |  7- 9 || total
-------------------------+-------+-------+-------++-------
Melee: Unarmed           |    26 |       |       ||    26
       Whip              |    39 |    27 |       ||    66
       Flail             |       |     4 |    53 ||    57
 Cast: Sandblast         |    48 |    85 |    31 ||   164
       Stone Arrow       |       |       |    59 ||    59
  Use: Scroll            |       |     1 |     1 ||     2
 Stab: Sleeping          |     2 |       |       ||     2
  Eat: Chunk             |     4 |     9 |    11 ||    24
Armor: Ring mail         |     5 |       |       ||     5
       Robe              |     4 |       |       ||     4
       Leather armour    |    29 |    14 |       ||    43
       Troll leather arm |       |     3 |    75 ||    78
Dodge: Dodged            |    63 |    43 |    81 ||   187
